 Dungeon Crawl Stone Soup version 0.31.0-12-g77e489cdc1 (webtiles) character file.

Game seed: 1453173212050041343

8 Chiseanne the Twirler (level 2, 19/21 HPs)
             Began as a Demonspawn Wanderer on Feb 16, 2024.
             Quit the game on level 1 of the Dungeon.
             The game lasted 00:00:55 (114 turns).

Chiseanne the Twirler (Demonspawn Wanderer)          Turns: 114, Time: 00:00:56

Health: 19/21      AC:  6    Str: 10    XL:     2   Next: 0%
Magic:  5/5        EV: 11    Int: 12    God:
Gold:   0          SH:  0    Dex: 14    Spells: 5/5 levels left

rFire   . . .        a - +2 quarterstaff
rCold   . . .        (shield currently unavailable)
rNeg    . . .        f - +0 ring mail
rPois   .            (helmet restricted)
rElec   .            (no cloak)
rCorr   .            b - +0 pair of gloves
SInv    .            (no boots)
Will    .....        (no amulet)
Stlth   +            (no ring)
HPRegen 0.23/turn    (no ring)
MPRegen 0.09/turn

%: no passive effects
@: no status effects
A: antennae 1
a: no special abilities


You were on level 1 of the Dungeon.
You visited 1 branch of the dungeon, and saw 1 of its levels.

Inventory:

Hand Weapons
 a - a +2 quarterstaff (weapon)
Missiles
 e - 8 stones (quivered)
Armour
 b - a +0 pair of gloves (worn)
 f - a +0 ring mail (worn)
Scrolls
 c - a scroll of fear


   Skills:
 * Level 1.0 Fighting
 - Level 3.6 Staves
 * Level 0.2 Armour
 * Level 2.9 Dodging
 - Level 2.0 Spellcasting
 - Level 1.0 Conjurations


You had 5 spell levels left.
You didn't know any spells.
Your spell library contained the following spells:

 Spells                   Type           Power      Damage    Failure   Level
 Momentum Strike          Conj/Tloc      4%         3d8       65%         2
 Static Discharge         Conj/Air       4%         3-4/arc   65%         2


Dungeon Overview and Level Annotations

Branches:
Dungeon (1/15)

Altars:


Innate Abilities, Weirdness & Mutations

You have a pair of small antennae on your head.


Message History

The hobgoblin hits you but does no damage.
The endoplasm misses you.
You sock the hobgoblin!
You kill the hobgoblin!
The endoplasm barely misses you.
You thump the endoplasm!
You kill the endoplasm!
No target in view!
No target in view!
No target in view!
No target in view!
No target in view!
No target in view!
No target in view!
No target in view!
No target in view!
No target in view!
No target in view!
No target in view!
No target in view!
A frilled lizard comes into view.
The frilled lizard hisses angrily.
A ball python comes into view.
The ball python hisses angrily.
The frilled lizard closely misses you.
You barely miss the ball python. The ball python barely misses you.
The ball python grabs you. The ball python constricts you.
The frilled lizard bites you but does no damage.
You barely miss the ball python. The ball python closely misses you.
The ball python constricts you. The frilled lizard barely misses you.
The ball python bites you but does no damage.
The ball python constricts you.
You hit the ball python.
You kill the ball python!
The frilled lizard bites you but does no damage.
Your Fighting skill increases to level 1!
You have reached level 2!
Your demonic ancestry asserts itself...
A pair of antennae grows on your head!
Are you sure you want to abandon this character and quit the game? (Confirm with "yes".)

.. ##########..
...#..........#
...#...........
...............#
...............#
..............#
.......l......+
.......@......#
..............+
..............#.
.........##+#...
.........##+#... .
########........
..##########...........
#..............†......
#.....................


You could see a frilled lizard.

Vanquished Creatures
  An endoplasm (D:1)
  A giant cockroach (D:1)
  A goblin (D:1)
  2 hobgoblins (D:1)
  A ball python (D:1)
  A kobold (D:1)
7 creatures vanquished.

Notes
Turn   | Place    | Note
-------+----------+-------------------------------------------
     0 | D:1      | Chiseanne the Demonspawn Wanderer began the quest for the
                  | Orb.
     0 | D:1      | Chiseanne set off with the following items: a +2
                  | quarterstaff, a +0 pair of gloves, a scroll of fear, a +0
                  | robe; and the following spells available to memorise:
                  | Momentum Strike, Static Discharge.
     0 | D:1      | Reached XP level 1. HP: 13/13 MP: 3/3
   114 | D:1      | Reached skill level 1 in Fighting
   114 | D:1      | Gained mutation: You have a pair of small antennae on your
                  | head. [demonic ancestry]
   114 | D:1      | Reached XP level 2. HP: 19/21 MP: 5/5
   114 | D:1      | Quit the game

Illustrated notes

Levels and vault maps discovered:
D:1:      lemuel_arrival_cross, layout_basic, serial_shops, nicolae_square_shop,
          minmay_pentomino_o4

Skill      XL: |  1 |
---------------+----+-----
Fighting       | 1 |  1.0
Staves         | |  3.6
Armour         | |  0.2
Dodging        | |  2.9
Spellcasting   | |  2.0
Conjurations   | |  1.0

Action                     || total
---------------------------++-------
  Melee: Quarterstaff      ||    18
 Armour: Robe              ||     4
         Ring mail         ||     4
  Dodge: Dodged            ||    12
